 Dungeon Crawl Stone Soup version bcrawl-1.40.3b (webtiles) character file.

Game seed: 8948451805478175558

452459 Artagas the Cleaver (level 12, 0/122 HPs)
             Began as a Naga Berserker on Nov 29, 2023.
             Was an Elder of Trog.
             Slain by an eight-headed hydra (3 damage)
             ... on level 3 of the Lair of Beasts.
             The game lasted 00:28:36 (11121 turns).

Artagas the Cleaver (Naga Berserker)               Turns: 11121, Time: 00:28:37

Health: 0/122      AC: 17    Str: 26    XL:     12   Next: 61%
Magic:  15/15      EV: 14    Int:  9    God:    Trog [****..]
Gold:   1299       SH:  6    Dex: 16    Spells: 11/11 levels left

rFire    + . .     GDR:     32% D - +2 broad axe (holy)
rCold    + . .     SeeInvis +   (no shield)
rNeg     + . .     Gourm    .   F - +1 chain mail {rF+}
rPois    +         Faith    .   J - +2 hat
rElec    +         Spirit   .   y - +0 cloak "Poecavvi" {rElec Str+3}
rCorr    .         Reflect  +   m - +2 pair of gloves
MR       +....                  (no barding)
Stlth    ..........             g - +6 amulet of reflection
HPRegen  0.30/turn              c - ring of protection from cold
MPRegen  0.14/turn              n - ring of positive energy

@: agile, marked, very slightly contaminated, studying Fire Magic, invisible,
very slow
A: large, tail, swims, see invisible, deformed body, poison resistance, slowness
2, slow metabolism 1, spit poison 1, AC +4
a: Spit Poison, Berserk, Trog's Hand, Brothers in Arms, Renounce Religion


You were on level 3 of the Lair of Beasts.
You worshipped Trog.
Trog was greatly pleased with you.
You were not hungry.

You visited 2 branches of the dungeon, and saw 12 of its levels.
You also visited: Ossuary.

You collected 1299 gold pieces.

Inventory:

Hand Weapons
 h - a +0 war axe
   (You took it off an orc on level 3 of the Dungeon)
 D - a +2 broad axe of holy wrath (weapon)
   (You found it on level 2 of the Lair of Beasts)
 M - a +1 vampiric battleaxe
   (You took it off a naga on level 3 of the Lair of Beasts)
Missiles
 o - 115 poisoned tomahawks
 I - 33 javelins (quivered)
Armour
 b - a scarf of repulsion
   (You found it on level 2 of the Lair of Beasts)
 m - a +2 pair of gloves (worn)
   (You found it on level 3 of the Dungeon)
 u - a +0 troll leather armour
   (You found it on level 6 of the Dungeon)
 y - the +0 cloak "Poecavvi" (worn) {rElec Str+3}
   (You found it on level 5 of the Dungeon)

   It affects your strength (+3).
   It insulates you from electricity.
 F - a +1 chain mail of fire resistance (worn)
   (You found it on level 2 of the Lair of Beasts)
 G - the +1 ring mail of Miracles {-Tele rElec rF+}
   (You found it on level 6 of the Dungeon)

   It protects you from fire.
   It insulates you from electricity.
   It prevents most forms of teleportation.
 H - +0 ice dragon scales
   (You found it on level 2 of the Lair of Beasts)
 J - a +2 hat (worn)
   (You found it on level 2 of the Lair of Beasts)
Jewellery
 c - a ring of protection from cold (left hand)
   (You took it off a goblin on level 2 of the Dungeon)
 g - a +6 amulet of reflection (around neck)
   (You found it on level 1 of the Dungeon)
 n - a ring of positive energy (right hand)
   (You found it on level 7 of the Dungeon)
 E - the ring of Ledi {Ice Int+2}
   (You found it on level 8 of the Dungeon)

   [ring of ice]

   It enhances your ice magic.
   It affects your intelligence (+2).
   It makes you vulnerable to fire.
   It protects you from cold.
 K - the ring of Xosin {Fire Dex+3, unknown}
   (You found it on level 3 of the Lair of Beasts)

   [ring of fire]

   It enhances your fire magic.
   It affects your dexterity (+3).
   It protects you from fire.
   It makes you vulnerable to cold.
Wands
 a - a wand of paralysis (7)
   (You found it on level 1 of the Lair of Beasts)
 v - a wand of digging (18)
   (You found it on level 8 of the Dungeon)
Scrolls
 f - 8 scrolls of enchant weapon
 i - 4 scrolls of identify
 k - a scroll of enchant armour
 p - 2 scrolls of fog
 x - a scroll of revelation
 B - 2 scrolls of remove curse
Potions
 d - 5 potions of brilliance
 j - a potion of ambrosia {unknown}
 l - 2 potions of mutation
 q - 5 potions of curing
 z - a potion of cancellation {unknown}
 A - 2 potions of haste {unknown}
 C - 3 potions of flight {unknown}
Miscellaneous
 O - a sack of spiders (inert)
   (You found it on level 4 of the Lair of Beasts)
Comestibles
 e - 19 rations {!d}
 t - 7 chunks of flesh


   Skills:
 - Level 12.0 Fighting
 * Level 12.4 Axes
 + Level 5.9 Throwing
 - Level 5.0 Armour
 - Level 5.0 Dodging
 - Level 5.0 Evocations


You had 11 spell levels left.
You didn't know any spells.
Your spell library was empty.

Dungeon Overview and Level Annotations

Branches:
Dungeon (8/12)             Temple (0/1) D:7            Lair (4/6) D:7
  Snake (0/3) Lair:3       Spider (0/3) Lair:3
    Orc: D:8-11

Altars:
Ashenzari
Dithmenos
Elyvilon
Gozag
Kikubaaqudgha
Lugonu
Okawaru
Sif Muna
Trog
Vehumet
Xom
The Shining One

Annotations:
D:6 3 runed translucent doors, Dyss's ghost, novice FrCj
D:8 1 runed translucent door, fifreuwaquouxo3460's ghost, novice TrMo


Innate Abilities, Weirdness & Mutations

You cannot wear boots.
You can swim through water.
Your serpentine skin is tough. (AC +4)
You have supernaturally acute eyesight. (SInv)
Armour fits poorly on your strangely shaped body.
Your system is resistant to poisons. (rPois)
You cover ground very slowly.
You have a slow metabolism.
You can spit poison.


Message History

The eight-headed hydra bites you.
* * * LOW HITPOINT WARNING * * *
You block the eight-headed hydra's attack.
The eight-headed hydra closely misses you.
The eight-headed hydra bites you but does no damage.
The eight-headed hydra bites you.
* * * LOW HITPOINT WARNING * * *
You swap places.
A black mamba comes into view.
Something bites your cane toad. Something bites your cane toad! x2
Something barely misses your cane toad. Something bites your cane toad.
Something bites your cane toad!
Your cane toad dies!
Your cane toad's corpse dissolves into shadows!
A death yak comes into view.
There is a stone staircase leading up here.
Your porcupine bites the eight-headed hydra!
The eight-headed hydra barely misses you.
The eight-headed hydra bites you but does no damage. x3
The eight-headed hydra closely misses you.
The eight-headed hydra bites you but does no damage.
The eight-headed hydra bites you!
* * * LOW HITPOINT WARNING * * *
The eight-headed hydra barely misses you.
A rune on the stairs sparks and fizzles.
You climb upwards.
There is a stone staircase leading down here.
Okay, then.
Okay, then.
You feel much better. The eight-headed hydra bites you!
* * * LOW HITPOINT WARNING * * *
The eight-headed hydra closely misses you.
The eight-headed hydra bites you!
* * * LOW HITPOINT WARNING * * *
The eight-headed hydra bites you but does no damage.
The eight-headed hydra misses you. The eight-headed hydra bites you!
* * * LOW HITPOINT WARNING * * *
The eight-headed hydra bites you!
* * * LOW HITPOINT WARNING * * *
The eight-headed hydra barely misses you.
Unknown command.
You feel much better.
The eight-headed hydra bites you but does no damage.
The eight-headed hydra bites you.
* * * LOW HITPOINT WARNING * * *
The eight-headed hydra bites you.
* * * LOW HITPOINT WARNING * * *
The eight-headed hydra bites you.
* * * LOW HITPOINT WARNING * * *
You block the eight-headed hydra's attack.
The eight-headed hydra bites you but does no damage.
The eight-headed hydra bites you.
* * * LOW HITPOINT WARNING * * *
The eight-headed hydra bites you but does no damage.
You feel agile all of a sudden. The eight-headed hydra bites you.
* * * LOW HITPOINT WARNING * * *
The eight-headed hydra barely misses you.
You block the eight-headed hydra's attack.
The eight-headed hydra closely misses you.
The eight-headed hydra barely misses you.
The eight-headed hydra bites you but does no damage.
The eight-headed hydra misses you. x2
Unknown command.
Okay, then.
Evoke which item? (* to show all) (? for menu, Esc to quit)
Aiming: Paralyse
Press: ? - help, Shift-Dir - straight line, f - eight-headed hydra
Aim: an eight-headed hydra (lightly wounded, chance to defeat MR: 27%)
Okay, then.
Okay, then.
Evoke which item? (* to show all) (? for menu, Esc to quit)
You reach into the bag, and a spider crawls out!
You block the eight-headed hydra's attack.
The eight-headed hydra bites you but does no damage.
The eight-headed hydra misses you. The eight-headed hydra bites you!
* * * LOW HITPOINT WARNING * * *
The eight-headed hydra bites you but does no damage.
The eight-headed hydra bites you.
* * * LOW HITPOINT WARNING * * *
You block the eight-headed hydra's attack.
The eight-headed hydra closely misses you.
Your redback hits the fungus!
The fungus is caught in a web!
Your redback bites the fungus!
You swap places.
The eight-headed hydra bites your redback!
The eight-headed hydra closely misses your redback.
The eight-headed hydra barely misses your redback.
The eight-headed hydra bites your redback! x2
Your redback dies!
Your redback's corpse disappears in a puff of smoke!
Okay, then.
Evoke which item? (* to show all) (? for menu, Esc to quit)
Aiming: Paralyse
Press: ? - help, Shift-Dir - straight line, f - eight-headed hydra
Aim: an eight-headed hydra (blue smoke, lightly wounded, chance to defeat MR: 27%)
The eight-headed hydra easily resists.
You block the eight-headed hydra's attack.
The eight-headed hydra bites you.
You die...

#...............## ##
###P.#.........## #.
###..##.####.## ##
##(#..#.#...# #
#..##...#..##
#..###.###..# #.>#
#.##..## #PD###.##..#
##@#...##..########
...###..##.........#...
........(............#..
##.##.#.#.##P..........#
............÷†..#####
#.####.##..#.>÷...# ##
###.##.####.## ## ###
###


You could see an eight-headed hydra.

Vanquished Creatures
  Fannar (Lair:2)
  An ice dragon (Lair:2)
  A wolf spider (Lair:3)
  An ice statue (Lair:2)
  3 black mambas
  A cane toad (Lair:1)
  2 rime drakes
  3 komodo dragons
  5 polar bears (Lair:2)
  3 trolls
  3 blink frogs (Lair:1)
  3 hippogriffs
  Sigmund (D:3)
  4 hogs (D:8)
  17 yaks
  A basilisk (Lair:3)
  A human (D:8)
  A redback (Lair:3)
  2 wargs (D:7)
  2 nagas (Lair:3)
  2 crocodiles
  11 porcupines
  2 water moccasins
  A phantom (D:8)
  4 orc warriors
  2 black bears
  8 ice beasts
  2 sky beasts
  3 ogres
  5 wolves (Lair:1)
  6 bullfrogs
  3 centaurs
  3 scorpions
  A killer bee (D:8)
  A howler monkey (D:6)
  2 electric eels
  8 orc priests
  4 crimson imps
  A quasit (D:6)
  A jelly (D:8)
  A bullfrog skeleton (D:8)
  2 hounds (D:5)
  A gnoll shaman (D:6)
  2 iguanas (D:8)
  Terence (D:3)
  6 orc wizards
  2 worker ants
  9 mummies
  2 worker ant zombies
  5 gnolls (D:6)
  9 adders
  A white imp (Lair:2)
  3 adder zombies
  2 oozes
  An adder skeleton (D:2)
  2 worms
  6 leopard geckos
  30 orcs
  4 bats
  A giant cockroach (D:1)
  5 goblins
  9 hobgoblins
  2 jackals (D:3)
  6 kobolds
  2 quokkas
  A ball python (D:2)
  2 frilled lizards
  A jackal skeleton (D:5)
  7 kobold zombies (Ossuary)
  3 orc zombies
  7 rats
  3 fungi
  A plant (Lair:3)
265 creatures vanquished.

Vanquished Creatures (collateral kills)
  2 hydras
2 creatures vanquished.

Vanquished Creatures (others)
  An orc wizard (D:6)
  8 fungi
  8 plants
17 creatures vanquished.

Grand Total: 284 creatures vanquished

Notes
Turn   | Place    | Note
-------+----------+-------------------------------------------
     0 | D:1      | Artagas the Naga Berserker began the quest for the Orb.
     0 | D:1      | Reached XP level 1. HP: 21/21 MP: 1/1
    89 | D:1      | Reached XP level 2. HP: 28/28 MP: 2/2
   979 | D:2      | Reached ** piety under Trog
   980 | D:2      | Reached XP level 3. HP: 34/34 MP: 3/3
  1718 | D:3      | Reached skill level 4 in Fighting
  1718 | D:3      | Reached skill level 4 in Axes
  1718 | D:3      | Reached XP level 4. HP: 34/44 MP: 4/4
  2098 | D:3      | Noticed Terence
  2106 | D:3      | Killed Terence
  2107 | D:3      | Reached XP level 5. HP: 51/51 MP: 5/5
  2149 | D:3      | Reached skill level 5 in Fighting
  2149 | D:3      | Reached skill level 5 in Axes
  2149 | D:3      | Reached XP level 6. HP: 59/61 MP: 6/6
  2329 | D:3      | Found a shadowy altar of Dithmenos.
  2602 | D:3      | Noticed Sigmund
  2609 | D:3      | Killed Sigmund
  2870 | D:4      | Reached XP level 7. HP: 68/68 MP: 7/7
  3054 | D:4      | Reached skill level 6 in Fighting
  3054 | D:4      | Reached skill level 6 in Axes
  3155 | D:4      | Found a shattered altar of Ashenzari.
  3265 | D:4      | Got an ancient ruby amulet
  3266 | D:4      | Identified the amulet of the Komodo Dragon {Regen Int+4}
                  | (You found it on level 4 of the Dungeon)
  3378 | D:4      | Reached *** piety under Trog
  3854 | D:5      | Entered Level 5 of the Dungeon
  3980 | D:5      | Found an ancient bone altar of Kikubaaqudgha.
  3981 | D:5      | Found a white marble altar of Elyvilon.
  3981 | D:5      | Found a radiant altar of Vehumet.
  3982 | D:5      | Found a shimmering altar of Xom.
  4015 | D:5      | Reached skill level 1 in Throwing
  4015 | D:5      | Reached skill level 2 in Armour
  4015 | D:5      | Reached skill level 2 in Dodging
  4083 | D:5      | Found a bloodstained altar of Trog.
  4128 | D:5      | Reached XP level 8. HP: 78/78 MP: 8/8
  4257 | D:5      | Found a glowing golden altar of the Shining One.
  4327 | D:5      | Got a spiked cloak
  4333 | D:5      | Identified the cursed +0 cloak "Poecavvi" {rElec Str+3}
                  | (You found it on level 5 of the Dungeon)
  4621 | D:6      | Noticed a troll
  4623 | D:6      | Reached skill level 2 in Throwing
  4628 | D:6      | Killed a troll
  4629 | D:6      | Reached skill level 7 in Fighting
  4629 | D:6      | Reached skill level 7 in Axes
  4825 | D:6      | Reached skill level 3 in Armour
  4830 | D:6      | Reached skill level 3 in Dodging
  4890 | D:6      | Got a spiked ring mail
  4901 | D:6      | Identified the +1 ring mail of Miracles {-Tele rElec rF+}
                  | (You found it on level 6 of the Dungeon)
  4926 | D:6      | Noticed a kobold demonologist
  4954 | D:6      | Noticed a hippogriff
  4963 | D:6      | Killed a hippogriff
  4964 | D:6      | Reached skill level 3 in Throwing
  4964 | D:6      | Reached XP level 9. HP: 86/86 MP: 9/9
  5070 | D:6      | Reached **** piety under Trog
  5129 | D:6      | Found an iron altar of Okawaru.
  5145 | D:6      | Found a runed translucent gate.
  5145 | D:6      | Found a runed translucent gate.
  5145 | D:6      | Found a runed translucent gate.
  5146 | D:6      | Noticed Dyss's ghost (novice FrCj)
  5468 | D:7      | Found an opulent altar of Gozag.
  5555 | D:7      | Found a corrupted altar of Lugonu.
  5666 | D:7      | Reached skill level 4 in Armour
  5666 | D:7      | Reached skill level 4 in Dodging
  5714 | D:7      | Reached skill level 8 in Fighting
  5714 | D:7      | Found a staircase to the Lair.
  5808 | D:7      | Reached skill level 8 in Axes
  5936 | D:7      | Found a shimmering blue altar of Sif Muna.
  6061 | D:7      | Found a staircase to the Ecumenical Temple.
  6107 | D:8      | Noticed a troll
  6112 | D:8      | Killed a troll
  6113 | D:8      | Reached skill level 9 in Fighting
  6113 | D:8      | Reached XP level 10. HP: 99/99 MP: 10/10
  6135 | D:7      | Reached skill level 9 in Axes
  6338 | D:8      | Found a sand-covered staircase.
  6346 | Ossuary  | Entered an ossuary
  6674 | D:8      | Found a runed translucent door.
  6674 | D:8      | Noticed fifreuwaquouxo3460's ghost (novice TrMo)
  6708 | D:8      | Reached ***** piety under Trog
  6709 | D:8      | Reached skill level 10 in Fighting
  6724 | D:8      | Reached skill level 10 in Axes
  6764 | D:8      | Got a flickering brass ring
  6837 | D:8      | Identified the ring of Ledi {Ice Int+2} (You found it on
                  | level 8 of the Dungeon)
  7388 | Lair:1   | Entered Level 1 of the Lair of Beasts
  7458 | Lair:1   | Noticed a cane toad
  7464 | Lair:1   | Killed a cane toad
  7465 | Lair:1   | Reached skill level 1 in Evocations
  7758 | Lair:1   | Noticed a seven-headed hydra
  7763 | Lair:1   | Killed a seven-headed hydra
  7764 | Lair:1   | Reached skill level 2 in Evocations
  7764 | Lair:1   | Reached XP level 11. HP: 110/110 MP: 12/12
  8222 | Lair:2   | Identified the cursed ring of the Peasants {Ice rN+ Slay-4
                  | Stlth+}
  8222 | Lair:2   | Noticed Fannar
  8253 | Lair:2   | Killed Fannar
  8254 | Lair:2   | Reached skill level 3 in Evocations
  8382 | Lair:2   | Reached skill level 5 in Armour
  8382 | Lair:2   | Reached skill level 5 in Dodging
  8448 | Lair:2   | Reached skill level 11 in Fighting
  8614 | Lair:2   | Reached skill level 11 in Axes
  8635 | Lair:2   | Noticed an ice dragon
  8672 | Lair:2   | Killed an ice dragon
  8673 | Lair:2   | Reached skill level 4 in Throwing
  8673 | Lair:2   | Reached skill level 4 in Evocations
  8975 | Lair:2   | Reached XP level 12. HP: 117/120 MP: 15/15
  9449 | Lair:3   | Reached skill level 5 in Evocations
  9628 | Lair:3   | Got a faintly glowing iron ring
  9807 | Lair:3   | Reached skill level 5 in Throwing
  9861 | Lair:3   | Noticed a seven-headed hydra
 10022 | Lair:3   | Found a hole to the Spider Nest.
 10022 | Lair:3   | Found a glowing golden altar of the Shining One.
 10136 | Lair:3   | Noticed a four-headed hydra
 10143 | Lair:3   | Killed a four-headed hydra
 10369 | Lair:3   | Found a staircase to the Snake Pit.
 10471 | Lair:4   | Reached skill level 12 in Axes
 10750 | Lair:4   | Noticed an eight-headed hydra
 10973 | Lair:3   | Reached skill level 12 in Fighting
 11107 | Lair:4   | Noticed a death yak
 11112 | Lair:4   | Noticed a death yak
 11113 | Lair:4   | HP: 18/122 [eight-headed hydra (10)]
 11115 | Lair:3   | HP: 1/122 [eight-headed hydra (12)]
 11121 | Lair:3   | Slain by an eight-headed hydra

Skill      XL: |  1  2  3  4  5  6  7  8  9 10 11 12 |
---------------+-------------------------------------+-----
Fighting       | 4 5 6 7 9 10 11 12 | 12.0
Axes           | 4 5 6 7 8 10 11 12 | 12.4
Throwing       | 1 3 4 5 |  5.9
Armour         | 2 3 4 5 |  5.0
Dodging        | 2 3 4 5 |  5.0
Evocations     | 2 4 5 |  5.0

Action                   |  1- 3 |  4- 6 |  7- 9 | 10-12 || total
-------------------------+-------+-------+-------+-------++-------
Melee: Hand axe          |    73 |    29 |       |       ||   102
       War axe           |       |    56 |   214 |   308 ||   578
       Broad axe         |       |       |       |   121 ||   121
Throw: Tomahawk          |       |     2 |    20 |    72 ||    94
       Javelin           |       |       |       |    12 ||    12
Invok: Berserk           |     2 |     5 |    12 |    24 ||    43
       Trog's Hand       |       |       |     1 |     8 ||     9
       Brothers in Arms  |       |       |       |     4 ||     4
 Abil: Spit Poison       |    13 |     3 |     6 |     3 ||    25
Evoke: Wand              |       |       |       |     1 ||     1
       Sack of spiders   |       |       |       |     1 ||     1
  Use: Scroll            |     5 |     1 |     8 |    14 ||    28
       Potion            |       |       |       |     7 ||     7
  Eat: Chunk             |     3 |     9 |    19 |    41 ||    72
       Ration            |     1 |       |     2 |     3 ||     6
Armor: Animal skin       |    17 |       |       |       ||    17
       Ring mail         |       |    21 |    40 |       ||    61
       Troll leather arm |       |       |    58 |   126 ||   184
       Chain mail        |       |       |       |   124 ||   124
Dodge: Dodged            |    27 |    29 |    92 |   283 ||   431
Block: Other             |    11 |    16 |    53 |   167 ||   247
       Reflection        |       |     1 |     2 |     1 ||     4

Levels and vault maps discovered:
D:1:      dpeg_arrival_arbitrary_a, layout_loops_ring, serial_bayou_pond_e,
          hangedman_decor_points
D:2:      layout_loops_cross
D:3:      layout_basic, nicolae_overflow_crystal_walls,
          hangedman_decor_slide_cut, uniq_terence, uniq_sigmund
D:4:      layout_gridville, ashenzari_conservatory_becter, first_ration
D:5:      layout_rooms, marbit_many_paths,
          chequers_temple_overflow_statue_of_worship, basic_altar
D:6:      layout_rooms, kennysheep_mini, gammafunk_ghost_nasty_kobolds
D:7:      layout_gridville, lemuel_coloured_pillars_altar,
          grunt_gozag_breadcrumbs, kennysheep_mini_moat,
          minmay_temple_entry_from_below_a, erik_lair_orcish_takeover
D:8:      layout_cave_pools, gammafunk_ghost_grave, nicolae_ossuary_entry_giza,
          nicolae_two_hexagons, grunt_livestock
Lair:1:   layout_regular_city, serial_bayou_shore_a
Lair:2:   layout_regular_city, nicolae_quartered_pool_super, ice2_lemuel,
          uniq_fannar
Lair:3:   layout_loops_ring, guppyfry_snake_entry_island,
          spider_nest_entry_funnel_web, amcnicky_altar_gilded
Lair:4:   layout_hall_layers

Table legend:
 A = Turns spent in this place as a percentage of turns spent in the entire game.
 B = Non-inter-level travel turns spent in this place as a percentage of non-inter-level travel turns spent in the entire game.
 C = Inter-level travel turns spent in this place as a percentage of turns spent in this place.
 D = Turns resting spent in this place as a percentage of non-inter-level travel turns spent in this place.
 E = Turns spent auto-exploring this place as a percentage of non-inter-level travel turns spent in this place.
 F = Non-inter-level travel turns spent in this place divided by the number of levels of this place that you've seen.
                   A       B       C       D       E      F
               +-------+-------+-------+-------+-------+----------------------
         Total | 100.0 | 100.0 |   3.0 |  10.9 |  67.7 | 830.0
       Dungeon |  64.5 |  63.8 |   4.1 |   9.9 |  70.0 | 860.0
          Lair |  33.6 |  34.3 |   1.0 |  13.6 |  64.6 | 924.0
       Ossuary |   1.9 |   2.0 |   0.0 |   0.0 |  49.5 | 214.0
               +-------+-------+-------+-------+-------+----------------------

Table legend:
 A = Kills in this place as a percentage of kills in entire the game.
 B = Kills by you in this place as a percentage of kills by you in the entire game.
 C = Kills by friends in this place as a percentage of kills by friends in the entire game.
 D = Other kills in this place as a percentage of other kills in the entire game.
 E = Experience gained in this place as a percentage of experience gained in the entire game.
 F = Experience gained in this place divided by the number of levels of this place that you have seen.
                   A       B       C       D       E      F
               +-------+-------+-------+-------+-------+----------------------
         Total | 100.0 | 100.0 | 100.0 | 100.0 | 100.0 | 2054.9
       Dungeon |  65.9 |  66.3 |   0.0 | 100.0 |  29.5 | 986.5
          Lair |  28.0 |  27.6 | 100.0 |   0.0 |  69.8 | 4660.5
       Ossuary |   6.1 |   6.1 |   0.0 |   0.0 |   0.7 | 180.0
               +-------+-------+-------+-------+-------+----------------------
